 Dungeon Crawl Stone Soup version 0.31-a0-486-g8d68a81214 (console) character file.

Game seed: 12707351103694730541

10 petzl the Sneak (level 2, -4/22 (24) HPs)
             Began as a Formicid Delver on Aug 8, 2023.
             Slain by a sleepcap (21 damage)
             ... on level 4 of the Dungeon.
             The game lasted 00:03:50 (362 turns).

petzl the Sneak (Formicid Delver)                    Turns: 362, Time: 00:03:51

HP:   -4/22 (24)    AC:  3    Str: 16    XL:     2   Next: 30%
MP:   2/2           EV:  2    Int:  9    God:
Gold: 0             SH:  0    Dex: 15    Spells: 2/2 levels left

rFire   . . .        a - +0 mace
rCold   . . .        h - +0 kite shield
rNeg    . . .        b - +0 leather armour
rPois   .            (helmet unavailable)
rElec   .            (no cloak)
rCorr   .            (no gloves)
SInv    +            (no boots)
Will    .....        g - amulet of regeneration
Stlth   +++          (no ring)
HPRegen 1.03/turn    (no ring)
MPRegen 0.08/turn

%: no passive effects
@: sleeping, drained
A: permanent stasis, dig shafts and tunnels, antennae 3, four strong arms
a: Dig, Shaft Self


You were on level 4 of the Dungeon.
You visited 1 branch of the dungeon, and saw 3 of its levels.

Inventory:

Hand Weapons
 a - a +0 mace (weapon)
Missiles
 i - a stone (quivered)
Armour
 b - a +0 leather armour (worn)
 h - a +0 kite shield (worn)
Jewellery
 g - an amulet of regeneration (around neck)
Wands
 f - a wand of digging (2)
Scrolls
 c - a scroll of fog
 d - a scroll of teleportation {unknown}


   Skills:
 + Level 3.3 Fighting
 - Level 2.0 Maces & Flails
 + Level 0.4 Armour
 + Level 1.8 Dodging
 + Level 6.0 Stealth
 * Level 0.9 Shields
 * Level 0.6 Spellcasting
 + Level 0.3 Evocations


You had 2 spell levels left.
You didn't know any spells.
Your spell library was empty.

Dungeon Overview and Level Annotations

Branches:
Dungeon (6/15)
 Temple: D:4-7

Altars:

Annotations:
D:5 exclusions: 2 downstairs and sensed monster (detected), Edmund


Innate Abilities, Weirdness & Mutations

You cannot be hasted, slowed, berserked, paralysed or teleported.
You can dig through walls and to a lower floor.
You have a pair of large antennae on your head. (SInv)
Your four strong arms can wield two-handed weapons with a shield.


Message History

You feel sick.
You have reached level 2!
You feel sick.
You feel sick.
There is an open door here.
You feel sick.
You close the door.
You feel sick.
You start resting.
You feel sick.
You are no longer poisoned.
You start resting.
HP restored.
You open the door.
There is an open door here.
A scorpion comes into view.
There is an open door here.
You close the door.
As you read the scroll of revelation, it crumbles to dust.
You feel aware of your surroundings.
You sensed 3 altars.
Unknown command.
Unknown command.
Unknown command.
You extend your mandibles.
You dig through the rock wall.
You feel drained.
Found a scroll labelled ENEITA JUVOE.
You retract your mandibles.
Found a stone staircase leading up.
d - a scroll labelled ENEITA JUVOE A sleepcap comes into view.
You block the sleepcap's attack. The sleepcap releases spores at you.
There is a stone staircase leading up, spattered with blood here.
The sleepcap barely misses you.
You climb upwards.
Found a pair of glowing gloves, a hand axe and a scroll of fog.
There is a stone staircase leading down here.
The sleepcap releases spores at you.
You are engulfed in a cloud of soporific spores!
You fall asleep.
The sleepcap releases spores at you!!
Ouch! That really hurt!
You die...

# #. # #.
#.#.#########
#...........#
###...........#
.......@......#.
####...f>.[.....
#............##
#..............
#......K.......
#.............)
#....#####?....
#.... .....
#.... #####


You could see a sleepcap and a kobold (asleep).

Vanquished Creatures
  An adder (D:5)
  A jackal (D:5)
2 creatures vanquished.

Notes
Turn   | Place    | Note
-------+----------+-------------------------------------------
     0 | D:5      | petzl the Formicid Delver began the quest for the Orb.
     0 | D:5      | Reached XP level 1. HP: 18/18 MP: 1/1
     3 | D:6      | Noticed a wight
     3 | D:6      | Noticed a wight
     3 | D:6      | Noticed a wight
     3 | D:6      | Noticed a wight
    55 | D:5      | Noticed Edmund
    86 | D:6      | Noticed an iguana
   160 | D:5      | Noticed a scorpion
   311 | D:5      | Reached XP level 2. HP: 19/24 MP: 2/2
   322 | D:5      | Noticed a scorpion
   362 | D:4      | Slain by a sleepcap

Illustrated notes

Levels and vault maps discovered:
D:4:      dreamdust_elfheim, layout_basic,
          minmay_temple_entry_statues_fountains, uniq_menkaure
D:5:      layout_gridville, grunt_temple_overflow_diamond, uniq_edmund
D:6:      layout_rooms, nicolae_uskayaw_murder_on_the_dancefloor,
          mainiacjoe_overflow_alcove_1, eino_tiny_chamber, uniq_duvessa

Action                     || total
---------------------------++-------
  Melee: Mace              ||    12
  Throw: Stone             ||     3
Ability: Dig               ||     1
  Evoke: Wand              ||     1
    Use: Scroll            ||     2
 Armour: Leather armour    ||     6
  Dodge: Dodged            ||     8
  Block: Kite shield       ||    10

Table legend: (Time is in decaauts)
 A = Elapsed time spent in this place.
 B = Non-inter-level travel time spent in this place.
 C = Inter-level travel time spent in this place.
 D = Time resting spent in this place.
 E = Time spent auto-exploring this place.
 F = Levels seen in this place.
 G = Mean time per level.
                   A        B        C        D        E       F      G
               +--------+--------+--------+--------+--------+-----+--------+
         Total |    369 |    345 |     24 |      4 |      0 |   3 |  123.0 |
       Dungeon |    369 |    345 |     24 |      4 |      0 |   3 |  123.0 |
               +--------+--------+--------+--------+--------+-----+--------+

Top non-repeatable levels by time:
     D:5: 363 daAuts
     D:6: 3 daAuts
     D:4: 1 daAuts
